 Dungeon Sprint DCSS version 0.23.2-1-ga50397a6bc (webtiles) character file.

Game seed: 2204353244254856336

7499 Morrissey the Severer (level 10, -10/107 HPs)
             Began as a Minotaur Fighter on May 17, 2019.
             Was the Champion of Makhleb.
             Mangled by a stone giant (22 damage)
             ... in the Dungeon (Sprint VII: "The Pits").
             The game lasted 00:04:14 (1369 turns).

Morrissey the Severer (Minotaur Fighter)            Turns: 1369, Time: 00:04:14

Health: -10/107    AC: 17    Str: 25    XL:     10   Next: 95%
Magic:  17/17      EV: 12    Int:  8    God:    Makhleb [******]
Gold:   0          SH:  0    Dex:  9    Spells: 9/9 levels left

rFire    . . .     SeeInvis .   a - +1 broad axe (flame)
rCold    . . .     Gourm    .   (no shield)
rNeg     . . .     Faith    .   w - +4 chain mail
rPois    .         Spirit   .   (helmet restricted)
rElec    .         Reflect  .   (no cloak)
rCorr    .         Harm     .   (no gloves)
MR       .....     NoTele   +   (no boots)
Stlth    ..........             (no amulet)
HPRegen  0.27/turn              j - +3 ring of evasion
MPRegen  0.15/turn              q - +3 ring of intelligence

@: lethally poisoned (-10 -> -11)
A: retaliatory headbutt, horns 2
a: Minor Destruction, Lesser Servant of Makhleb, Major Destruction, Greater
Servant of Makhleb, Renounce Religion


You were in the Dungeon.
You worshipped Makhleb.
Makhleb was exalted by your worship.
You were not hungry.

You visited 1 branch

Inventory:

Hand Weapons
 a - a +1 broad axe of flaming (weapon)
Armour
 b - a +0 shield
 w - a +4 chain mail (worn)
Jewellery
 j - a +3 ring of evasion (left hand)
 q - a +3 ring of intelligence (right hand)
Scrolls
 k - a scroll of blinking
 l - 3 scrolls of remove curse
 m - 5 scrolls of amnesia
 n - a scroll of summoning
Potions
 c - 2 potions of invisibility
 d - a potion of might
 e - 5 potions of curing
 g - 9 potions of heal wounds
 h - 3 potions of haste
 i - 4 potions of magic
 r - a potion of agility
 s - a potion of berserk rage
 t - a potion of brilliance
 u - a potion of mutation
Comestibles
 f - 8 rations


   Skills:
 + Level 15.8 Fighting
 + Level 17.2 Axes
 + Level 15.7 Armour
 - Level 3.6 Shields
 + Level 10.7 Invocations


You had 9 spell levels left.
You didn't know any spells.
Your spell library was empty.

Dungeon Overview and Level Annotations

Branches:
Dungeon (1/1)

Altars:
Ashenzari
Cheibriados
Dithmenos
Elyvilon
Fedhas
Gozag
Hepliaklqana
Kikubaaqudgha
Makhleb
Nemelex Xobeh
Okawaru
Qazlal
Ru
Sif Muna
Trog
Uskayaw
Vehumet
Wu Jian
Xom
Yredelemnul
Zin
The Shining One
Beogh
Jiyva
Lugonu


Innate Abilities, Weirdness & Mutations

You reflexively headbutt those who attack you in melee.
You have a pair of horns on your head.


Message History

You headbutt the stone giant, but do no damage.
The stone giant is severely wounded.
You hit the crocodile. You burn the crocodile.
You kill the crocodile!
Makhleb accepts your kill.
You feel better. The stone giant barely misses you.
The orange demon barely misses you.
You hit the stone giant but do no damage.
The stone giant is severely wounded.
You slash the orc! You burn the orc.
You kill the orc!
Makhleb accepts your kill.
You feel better.
You feel sick. The stone giant hits you!!
* * * LOW HITPOINT WARNING * * *
The orange demon completely misses you.
You hit the stone giant but do no damage.
The stone giant is severely wounded.
The dream sheep ruffles its wool and motes of dream dust sparkle, to no effect.
The stone giant hits you!!
You die...

.......+ #......#
.......# ''######
''# ##### ########
..###...###..†...#
...##...##..##...###
#÷..##÷##..###...).#
##..).......##).@#
#..###'###...##C##
..##.....##..#4Y.
..+.......+..'..Yo
..##.....##..#...#.
#..###'###...##+##..
##..........## .#
#...##'##..## #
...##...##..##


You could see a stone giant, an orange demon and a dream sheep.

Vanquished Creatures
  An emperor scorpion (D)
  An orc high priest (D)
  A swamp dragon (D)
  A deep elf mage (D)
  An elephant (D)
  A black mamba (D)
  A spiny frog (D)
  A demonic crawler (D)
  A freezing wraith (D)
  6 blink frogs (D)
  2 dream sheep (D)
  A flying skull (D)
  Eustachio (D)
  A fire bat (D)
  A warg (D)
  An acid dragon (D)
  2 water moccasins (D)
  A floating eye (D)
  A porcupine (D)
  2 orc warriors (D)
  An eye of draining (D)
  2 crocodiles (D)
  6 killer bees (D)
  An orc priest (D)
  An iron imp (D)
  Jessica (D)
  An iguana (D)
  Ijyb (D)
  An orc wizard (D)
  2 hell rats (D)
  A mummy (D)
  An adder (D)
  An ufetubus (D)
  An adder skeleton (D)
  7 orcs (D)
  A bat zombie (D)
  A giant cockroach (D)
  A quokka (D)
  A ball python skeleton (D)
60 creatures vanquished.

Notes
Turn   | Place    | Note
-------+----------+-------------------------------------------
     0 | D        | Morrissey the Minotaur Fighter began the quest for the Orb.
     0 | D        | Reached XP level 1. HP: 19/19 MP: 0/0
    47 | D        | Found a glowing golden altar of the Shining One.
    47 | D        | Found a glowing silver altar of Zin.
    47 | D        | Found a basalt altar of Yredelemnul.
    47 | D        | Found a shimmering altar of Xom.
    47 | D        | Found an ornate altar of the Wu Jian Council.
    47 | D        | Found a bloodstained altar of Trog.
    47 | D        | Found a deep blue altar of Sif Muna.
    47 | D        | Found a sacrificial altar of Ru.
    47 | D        | Found a stormy altar of Qazlal.
    47 | D        | Found an iron altar of Okawaru.
    47 | D        | Found a sparkling altar of Nemelex Xobeh.
    47 | D        | Found a burning altar of Makhleb.
    47 | D        | Found a viscous altar of Jiyva.
    47 | D        | Found a hazy altar of Hepliaklqana.
    47 | D        | Found an opulent altar of Gozag.
    47 | D        | Found a blossoming altar of Fedhas.
    47 | D        | Found a white marble altar of Elyvilon.
    47 | D        | Found a shadowy altar of Dithmenos.
    47 | D        | Found a snail-covered altar of Cheibriados.
    48 | D        | Found a radiant altar of Vehumet.
    48 | D        | Found a corrupted altar of Lugonu.
    48 | D        | Found a roughly hewn altar of Beogh.
    49 | D        | Found an ancient bone altar of Kikubaaqudgha.
    49 | D        | Found a hide-covered altar of Uskayaw.
    49 | D        | Found a shattered altar of Ashenzari.
    55 | D        | Became a worshipper of Makhleb the Destroyer
    69 | D        | Reached skill level 3 in Axes
    84 | D        | Reached * piety under Makhleb
    84 | D        | Reached skill level 4 in Axes
    87 | D        | Reached XP level 2. HP: 28/28 MP: 1/1
    93 | D        | Reached ** piety under Makhleb
    94 | D        | Noticed a water moccasin
   100 | D        | Killed a water moccasin
   100 | D        | Reached skill level 8 in Axes
   100 | D        | Reached XP level 3. HP: 38/38 MP: 2/2
   100 | D        | Reached XP level 4. HP: 45/45 MP: 3/3
   167 | D        | Noticed Jessica
   167 | D        | Noticed Ijyb
   168 | D        | Noticed a fire bat
   168 | D        | Noticed a water moccasin
   168 | D        | Noticed a deep elf mage
   178 | D        | Killed Jessica
   178 | D        | Reached skill level 9 in Axes
   178 | D        | Reached XP level 5. HP: 52/52 MP: 4/4
   179 | D        | Killed a fire bat
   179 | D        | Reached *** piety under Makhleb
   179 | D        | Reached skill level 11 in Axes
   179 | D        | Reached XP level 6. HP: 62/62 MP: 5/5
   182 | D        | Killed a deep elf mage
   182 | D        | Reached skill level 10 in Fighting
   182 | D        | Reached skill level 13 in Axes
   182 | D        | Reached skill level 10 in Armour
   182 | D        | Reached XP level 7. HP: 72/72 MP: 6/6
   186 | D        | Killed Ijyb
   244 | D        | Reached **** piety under Makhleb
   244 | D        | Reached skill level 14 in Axes
   385 | D        | Noticed a swamp dragon
   394 | D        | Killed a swamp dragon
   394 | D        | Reached XP level 8. HP: 83/83 MP: 6/10
   542 | D        | Reached ***** piety under Makhleb
   633 | D        | Noticed a demonic crawler
   633 | D        | Noticed a blink frog
   633 | D        | Noticed a blink frog
   633 | D        | Noticed a blink frog
   638 | D        | Killed a blink frog
   638 | D        | Reached skill level 5 in Invocations
   645 | D        | Killed a demonic crawler
   647 | D        | Killed a blink frog
   647 | D        | Reached XP level 9. HP: 92/92 MP: 10/12
   816 | D        | Noticed an elephant
   824 | D        | Reached skill level 15 in Axes
   834 | D        | Killed an elephant
   836 | D        | Noticed Eustachio
   846 | D        | Killed Eustachio
   865 | D        | Reached ****** piety under Makhleb
   876 | D        | Paralysed by a floating eye for 3 turns
   882 | D        | Noticed an emperor scorpion
   898 | D        | Killed an emperor scorpion
   898 | D        | Reached skill level 16 in Axes
   898 | D        | Reached XP level 10. HP: 74/104 MP: 8/15
   941 | D        | Noticed a spiny frog
   945 | D        | Killed a spiny frog
   945 | D        | Reached skill level 15 in Fighting
   949 | D        | Reached skill level 15 in Armour
   959 | D        | Noticed a black mamba
   965 | D        | Killed a black mamba
   970 | D        | Reached skill level 10 in Invocations
  1340 | D        | Noticed an orange demon
  1340 | D        | Noticed an orc high priest
  1341 | D        | Noticed an orange demon
  1342 | D        | Noticed a stone giant
  1355 | D        | Killed an orc high priest
  1355 | D        | Reached skill level 17 in Axes
  1369 | D        | Mangled by a stone giant

Skill      XL: |  1  2  3  4  5  6  7  8  9 10 |
---------------+-------------------------------+-----
Axes           | 4 8 9 11 13 14 16 17 | 17.2
Fighting       | 4 6 7 8 10 11 12 14 15 | 15.8
Armour         | 4 6 7 8 10 11 12 14 15 | 15.7
Invocations    | 4 6 9 10 | 10.7
Shields        | |  3.6

Action                   |  1- 3 |  4- 6 |  7- 9 | 10-12 || total
-------------------------+-------+-------+-------+-------++-------
Melee: War axe           |    18 |     6 |    31 |       ||    55
       Headbutt          |     3 |     1 |    25 |    11 ||    40
       Hand axe          |       |     7 |    31 |       ||    38
       Broad axe         |       |       |    55 |    50 ||   105
  Use: Potion            |       |     2 |     4 |       ||     6
  Eat: Ration            |       |       |       |     1 ||     1
       Chunk             |       |       |       |     1 ||     1
Armor: Scale mail        |     8 |    12 |    12 |       ||    32
       Chain mail        |       |       |    33 |    24 ||    57
Dodge: Dodged            |    15 |     8 |    42 |    32 ||    97
